[Event "Titled Tuesday Blitz May 24 Early 2022"]
[White "Brodowski, Piotr"]
[Black "Proudian, Armen"]
[WhiteFideId "1124480"]
[BlackFideId "2130734"]
[WhiteElo "2431"]
[BlackElo "2380"]
[Result "1-0"]
[Round "10"]
[TimeControl "180+1"]
[Date "2022.05.25"]
[WhiteClock "0:00:29"]
[BlackClock "0:00:31"]

1. e4 e5 2. Nf3 Nc6 3. d4 exd4 4. Bc4 Nf6 5. e5 d5 6. Bb5 Nd7 7. O-O Be7 8. Re1 O-O 9. Bxc6 bxc6 10. Nxd4 Nb8 11. Nc3 c5 12. Nb3 c4 13. Qxd5 cxb3 14. Qxa8 bxc2 15. Qe4 Na6 16. Qxc2 Nb4 17. Qe4 Ba6 18. Be3 Bd3 19. Qg4 Nc2 20. Bh6 Bg6 21. Rad1 Qb8 22. Bc1 Nxe1 23. Rxe1 Rd8 24. h4 h5 25. Qf4 Qb4 26. g3 Qxf4 27. Bxf4 Bb4 28. e6 fxe6 29. Rxe6 Bf7 30. Ra6 Bc5 31. Rc6 Bb6 32. Kf1 Be8 33. Re6 Kf7 34. Re5 g6 35. Ke1 Bc6 36. Ne4 Rd5 37. Ng5+ Kf8 38. Re6 Ba5+ 39. Ke2 Bb5+ 40. Kf3 Bd3 41. Rf6+ Ke8 42. Ne6 Ke7 43. Bg5 Kd7 44. Nf4 Rd4 45. Ke3 Rxf4 46. Bxf4 Bb1 47. a3 Bb6+ 48. Ke2 Bf5 49. b4 Ke7 50. Rc6 Kd7 51. Rc1 a5 52. Be3 axb4 53. axb4 Kd6 54. Bxb6 cxb6 55. Ke3 Kd5 56. Kf4 b5 57. Kg5 Bd3 58. Rc5+ Kd4 59. f3 Bc4 60. Kxg6 Kc3 61. Kg5 Kxb4 62. Rc8 Be2 63. f4 Bg4 64. Rb8 Kc5 65. f5 Kd6 66. f6 Be2 67. f7 Kc6 68. f8=Q Bc4 69. Qd8 Kc5 70. Rb6 Kb4 71. Qd6+ Kc3 72. Rxb5 Bxb5 73. Qc5+ Bc4 74. Kxh5 Kb3 75. Kg5 Be2 76. g4 Bc4 77. h5 Bd3 78. h6 Bb1 79. h7 Bxh7 80. Kh6 Bc2 81. g5 Bd1 82. g6 Be2 83. g7 Bc4 84. Qc7 Bg8 85. Qd8 Bc4 86. g8=Q Bxg8 87. Qxg8+ Kb2 88. Qe6 Ka1 89. Kg6 Kb2 90. Qd5 Kc3 91. Qe4 Kb2 92. Qd3 Ka1 93. Qe2 Kb1 94. Kf5 Ka1 95. Ke5 Kb1 96. Kd4 Ka1 97. Kc4 Kb1 98. Kb3 Kc1 99. Qc2# 1-0


[Site "https://www.chess.com"]

[Event "Titled Tuesday Blitz May 24 Early 2022"]
[White "Buscar, Michael"]
[Black "Schut, Han"]
[WhiteFideId "2603616"]
[BlackFideId "1005561"]
[WhiteElo "2010"]
[BlackElo "2057"]
[Result "1-0"]
[Round "10"]
[TimeControl "180+1"]
[Date "2022.05.25"]
[WhiteClock "0:01:09"]
[BlackClock "0:00:08"]

1. e4 c5 2. Nf3 d6 3. Bb5+ Bd7 4. a4 g6 5. O-O Bg7 6. Re1 Nf6 7. Bf1 O-O 8. c3 Nc6 9. d3 Rc8 10. Na3 e5 11. Nc4 Be6 12. Ne3 d5 13. exd5 Nxd5 14. g3 Qd7 15. Bg2 Rfd8 16. Nc4 f6 17. Qc2 Nb6 18. Nxb6 axb6 19. Rd1 Na5 20. c4 Bxc4 21. Ra3 Be6 22. Bd2 Nc6 23. Bc3 Nb4 24. Qe2 Bf5 25. Ne1 Nc6 26. a5 bxa5 27. Bxa5 Nxa5 28. Rxa5 b6 29. Ra6 Rb8 30. Rda1 Bxd3 31. Nxd3 Qxd3 32. Qg4 f5 33. Qg5 Rd7 34. Bc6 Rf7 35. Ra8 Rxa8 36. Rxa8+ Rf8 37. Ra7 Qd6 38. Bb5 e4 39. Bc4+ Kh8 40. b3 Qf6 41. Qf4 h6 42. Qc7 g5 43. Rb7 f4 44. Rxb6 Qd4 45. g4 e3 46. Rd6 exf2+ 47. Kg2 Qe4+ 48. Kxf2 Qe3+ 49. Kf1 f3 50. Rd8 Qf4 51. Rxf8+ Qxf8 52. Qc6 f2 53. Qd5 Qf4 54. Qg8# 1-0


[Site "https://www.chess.com"]

[Event "Titled Tuesday Blitz May 24 Early 2022"]
[White "Cardoso Cardoso, Jose Gabriel"]
[Black "Yaksin, Oleg"]
[WhiteFideId "4430492"]
[BlackFideId "24105880"]
[WhiteElo "2485"]
[BlackElo "2256"]
[Result "1-0"]
[Round "10"]
[TimeControl "180+1"]
[Date "2022.05.24"]
[WhiteClock "0:00:46"]
[BlackClock "0:00:02"]

1. c4 Nf6 2. Nc3 c5 3. Nf3 g6 4. e3 Bg7 5. d4 cxd4 6. exd4 d5 7. cxd5 O-O 8. Bc4 Nbd7 9. O-O Nb6 10. Qb3 Bf5 11. Bg5 Rc8 12. Bxf6 Bxf6 13. Be2 Rc7 14. Rfd1 Rd7 15. Ne5 Rd6 16. Bf3 a6 17. a4 Qb8 18. a5 Nc8 19. Nc4 Rdd8 20. g4 Bd7 21. Ne4 Bg7 22. Nc5 Bb5 23. Kg2 Bxc4 24. Qxc4 Nd6 25. Qe2 Nb5 26. Qe3 Qc7 27. b4 Rfe8 28. Rac1 Qb8 29. h4 Rd6 30. g5 Rdd8 31. h5 Nd6 32. hxg6 hxg6 33. Bg4 Nb5 34. Qf3 Rd6 35. Nd7 Qd8 36. Ne5 Rf8 37. Rc8 Rxd5 38. Rxd8 Rdxd8 39. Nxf7 Nxd4 40. Rxd4 Rxd4 41. Be6 Bh8 42. Qh3 Bg7 43. Ne5+ 1-0


[Site "https://www.chess.com"]

[Event "Titled Tuesday Blitz May 24 Early 2022"]
[White "Carrasco Miranda, Andres"]
[Black "Skytte, Rasmus"]
[WhiteFideId "3405990"]
[BlackFideId "1404210"]
[WhiteElo "2177"]
[BlackElo "2430"]
[Result "1-0"]
[Round "10"]
[TimeControl "180+1"]
[Date "2022.05.25"]
[WhiteClock "0:02:42"]
[BlackClock "0:02:26"]

1. d4 Nf6 2. c4 e6 3. g3 Bb4+ 4. Nc3 Bxc3+ 5. bxc3 d5 6. Bg2 dxc4 7. Nf3 c6 8. O-O O-O 9. Ne5 Nbd7 10. Nxc4 Nb6 11. Ne5 Nbd7 12. Nd3 Qc7 13. Bf4 Qb6 14. e4 c5 15. Rb1 Qc6 16. e5 Nd5 17. c4 cxd4 18. cxd5 exd5 19. Nb4 Nc5 20. Nxc6 1-0


[Site "https://www.chess.com"]

[Event "Titled Tuesday Blitz May 24 Early 2022"]
[White "Chuemsakul, Sarocha"]
[Black "Baches Garcia, Guillermo"]
[WhiteFideId "6203710"]
[BlackFideId "2209764"]
[WhiteElo "1703"]
[BlackElo "2484"]
[Result "1-0"]
[Round "10"]
[TimeControl "180+1"]
[Date "2022.05.25"]
[WhiteClock "0:01:14"]
[BlackClock "0:00:02"]

1. d4 d5 2. c4 e6 3. cxd5 exd5 4. Nc3 c6 5. Nf3 h6 6. Bf4 Bd6 7. Bxd6 Qxd6 8. e3 Bf5 9. Bd3 Bxd3 10. Qxd3 Nf6 11. O-O O-O 12. Rab1 Nbd7 13. b4 a6 14. a4 b5 15. a5 Rae8 16. Rfc1 Ne4 17. Qc2 Re6 18. Nxe4 dxe4 19. Nd2 f5 20. g3 Nf6 21. Qc5 Qd7 22. Qb6 Nd5 23. Qc5 f4 24. exf4 Nxf4 25. gxf4 Rxf4 26. Nf1 Rg6+ 27. Ng3 Qh3 28. Qe5 Rh4 29. Rxc6 Rxc6 30. Qe8+ Kh7 31. Qxc6 Qxh2+ 32. Kf1 e3 33. Qg2 Qxg2+ 34. Kxg2 exf2 35. Rd1 Kg6 36. d5 Kf7 37. d6 Ke8 38. d7+ Kd8 39. Kxf2 Rxb4 40. Kf3 1-0


[Site "https://www.chess.com"]

[Event "Titled Tuesday Blitz May 24 Early 2022"]
[White "Clawitter, Craig"]
[Black "Piliczewski, Bogusz"]
[WhiteFideId "2023105"]
[BlackFideId "1104144"]
[WhiteElo "2203"]
[BlackElo "1896"]
[Result "1-0"]
[Round "10"]
[TimeControl "180+1"]
[Date "2022.05.25"]
[WhiteClock "0:01:06"]
[BlackClock "0:00:05"]

1. e4 c6 2. Nf3 d5 3. e5 Bg4 4. d4 e6 5. c3 c5 6. dxc5 Bxc5 7. Qa4+ Nc6 8. Qxg4 g6 9. Bd3 Qc7 10. Qf4 Nge7 11. O-O O-O-O 12. b4 Bb6 13. a4 a5 14. b5 Nb8 15. Be3 Bxe3 16. Qxe3 b6 17. c4 Nd7 18. Nc3 d4 19. Nxd4 Nxe5 20. Be2 Nxc4 21. Bxc4 Qxc4 22. Nc6 Nxc6 23. bxc6 Qxc6 24. Rfc1 Kb7 25. Nb5 Qd7 26. Rc7+ Qxc7 27. Nxc7 Kxc7 28. Qf4+ 1-0


[Site "https://www.chess.com"]

[Event "Titled Tuesday Blitz May 24 Early 2022"]
[White "Dahlgren, James Allen"]
[Black "Shton, Roman"]
[WhiteFideId "22256873"]
[BlackFideId "14137461"]
[WhiteElo "2086"]
[BlackElo "2013"]
[Result "0-1"]
[Round "10"]
[TimeControl "180+1"]
[Date "2022.05.25"]
[WhiteClock "0:02:48"]
[BlackClock "0:02:45"]

1. d3 Nf6 2. f4 d6 3. Nf3 e5 4. e4 exf4 5. Bxf4 Nc6 6. Nc3 d5 7. Be2 dxe4 8. dxe4 Qxd1+ 9. Rxd1 Bb4 10. e5 Ne4 11. O-O Bxc3 12. bxc3 Nxc3 13. Rd2 Nxe2+ 14. Rxe2 O-O 15. e6 Bxe6 16. Bxc7 Bc4 0-1


[Site "https://www.chess.com"]

[Event "Titled Tuesday Blitz May 24 Early 2022"]
[White "De Arruda, Leandro Formes"]
[Black "Bas Mas, Jose Joaquin"]
[WhiteFideId "22722009"]
[BlackFideId "22219064"]
[WhiteElo "1852"]
[BlackElo "2233"]
[Result "0-1"]
[Round "10"]
[TimeControl "180+1"]
[Date "2022.05.25"]
[WhiteClock "0:01:01"]
[BlackClock "0:00:19"]

1. d4 f5 2. Nf3 Nf6 3. e3 e6 4. Bd3 Be7 5. Nbd2 O-O 6. b3 d5 7. Bb2 b6 8. Ne5 Bb7 9. O-O Nbd7 10. Qe2 c5 11. Rac1 Ne4 12. f3 Nxd2 13. Qxd2 Nxe5 14. dxe5 Bg5 15. f4 Be7 16. Qe2 d4 17. e4 g6 18. Rce1 Kh8 19. c3 Qd7 20. cxd4 cxd4 21. Qf2 Rfd8 22. exf5 gxf5 23. g4 Qd5 24. Qg3 Rg8 25. g5 Rac8 26. h4 h6 27. Kh2 hxg5 28. hxg5 Kg7 29. Kg1 Rh8 30. Kf2 b5 31. Ke2 Rh5 32. Rf2 Rch8 33. Rc1 Bd8 34. Rc5 Qxc5 0-1


[Site "https://www.chess.com"]

[Event "Titled Tuesday Blitz May 24 Early 2022"]
[White "De Souza, Cristiano Gomes"]
[Black "Avazkhonov, Alikhon"]
[WhiteFideId "2151758"]
[BlackFideId "14208504"]
[WhiteElo "2068"]
[BlackElo "1739"]
[Result "0-1"]
[Round "10"]
[TimeControl "180+1"]
[Date "2022.05.25"]
[WhiteClock "0:02:22"]
[BlackClock "0:00:47"]

1. d3 Nf6 2. Nf3 g6 3. g3 Bg7 4. Bg2 O-O 5. O-O d6 6. Nbd2 e5 7. c4 Nbd7 8. Rb1 Ne8 9. b4 f5 10. Ne1 Nef6 11. Nc2 f4 12. Ne4 h6 13. b5 g5 14. Nxf6+ Nxf6 15. Nb4 h5 16. a4 Bh6 17. a5 Rb8 18. a6 g4 19. axb7 Bxb7 20. Nc6 Bxc6 21. Bxc6 Rf7 22. Ra1 h4 23. Rxa7 Nh5 24. Qa4 hxg3 25. hxg3 fxg3 26. Bxh6 Qh4 0-1


[Site "https://www.chess.com"]

[Event "Titled Tuesday Blitz May 24 Early 2022"]
[White "Dimitrov, Atanas"]
[Black "Meunier-Pion, Jean"]
[WhiteFideId "2901315"]
[BlackFideId "20685327"]
[WhiteElo "2674"]
[BlackElo "2124"]
[Result "0-1"]
[Round "10"]
[TimeControl "180+1"]
[Date "2022.05.25"]
[WhiteClock "0:00:14"]
[BlackClock "0:00:08"]

1. Nf3 d5 2. c4 d4 3. b4 a5 4. b5 Bg4 5. e3 e5 6. h3 Bxf3 7. Qxf3 c6 8. Bb2 Nf6 9. exd4 exd4 10. Bd3 Bc5 11. O-O O-O 12. Na3 Qd6 13. Nc2 Nbd7 14. Rfe1 a4 15. a3 Ne5 16. Qg3 Rfe8 17. Bf1 Re7 18. d3 Rae8 19. Rad1 Nh5 20. Qh4 g6 21. Bxd4 Bxd4 22. Qxd4 Nf3+ 23. gxf3 Qxd4 24. Nxd4 Rxe1 25. Rxe1 Rxe1 26. bxc6 bxc6 27. Nxc6 Nf4 28. Nb4 h5 29. c5 g5 30. c6 Rc1 31. d4 Nxh3+ 32. Kg2 Nf4+ 33. Kg1 Ne2+ 34. Kg2 Nxd4 35. c7 Rxc7 36. Nd5 Ra7 37. Bc4 Kg7 38. Nb4 Ne6 39. Nc6 Nf4+ 40. Kg3 Rc7 41. Bb5 Rb7 42. Bxa4 Rb1 43. Kh2 Rf1 44. Bb5 Rxf2+ 45. Kg1 Ra2 46. a4 h4 47. Ne5 h3 48. Ng4 Ra1+ 49. Kh2 Ra2+ 50. Kg1 Kg6 51. Ne5+ Kf5 52. Ng4 Ke6 53. Kh1 Kd6 54. Kg1 Ra1+ 55. Kh2 Ra2+ 56. Kg1 Kc5 57. Be8 Ra1+ 58. Kh2 f5 59. Nh6 Ra2+ 60. Kg1 Ra1+ 61. Kh2 g4 62. fxg4 fxg4 63. Nxg4 Ra2+ 64. Kg3 Rg2+ 65. Kxf4 h2 66. Nxh2 Rxh2 67. Bb5 Kb4 68. Kg3 Rd2 69. Kf4 Ra2 70. Ke4 Kc5 71. Kd3 Ra3+ 72. Kc2 Kd4 73. Kb2 Rg3 74. a5 Rg5 75. Be2 Rg2 76. Kb3 Rxe2 77. Kb4 Rb2+ 78. Ka3 Rb8 79. Ka4 Kc5 80. a6 Ra8 81. Ka5 Ra7 82. Ka4 Rxa6+ 83. Kb3 Rd6 84. Kc3 Rd4 85. Kb3 Rc4 86. Kb2 Rb4+ 87. Ka2 Kc4 88. Ka3 Kc3 89. Ka2 Rc4 90. Ka3 Rc5 91. Ka4 Rd5 92. Ka3 Ra5# 0-1


[Site "https://www.chess.com"]

[Event "Titled Tuesday Blitz May 24 Early 2022"]
[White "Djokic, Mihailo"]
[Black "Garriga Cazorla, Pere"]
[WhiteFideId "976440"]
[BlackFideId "32011601"]
[WhiteElo "2202"]
[BlackElo "2433"]
[Result "1-0"]
[Round "10"]
[TimeControl "180+1"]
[Date "2022.05.24"]
[WhiteClock "0:01:13"]
[BlackClock "0:00:43"]

1. e4 c5 2. Nf3 d6 3. d4 cxd4 4. Nxd4 Nf6 5. Nc3 a6 6. Rg1 e5 7. Nb3 h5 8. h3 h4 9. Bg5 Be6 10. Qf3 Nbd7 11. O-O-O Rc8 12. Kb1 Be7 13. Nd5 Bxd5 14. exd5 b5 15. Bd3 g6 16. g3 hxg3 17. fxg3 Nh7 18. Bh6 Ng5 19. Bxg5 Bxg5 20. h4 Bh6 21. Rgf1 Qe7 22. Na5 O-O 23. Nc6 Rxc6 24. dxc6 Nc5 25. Qf6 Re8 26. h5 Bg5 27. Qxe7 Rxe7 28. hxg6 fxg6 29. Bxg6 Kg7 30. Rxd6 e4 31. Bh5 Kh7 32. b4 Na4 33. Rd7 e3 34. Rxe7+ Bxe7 35. Rf7+ 1-0


[Site "https://www.chess.com"]

[Event "Titled Tuesday Blitz May 24 Early 2022"]
[White "Domingo Nunez, Ruben"]
[Black "Papasimakopoulos, Alexandros"]
[WhiteFideId "22245570"]
[BlackFideId "4244125"]
[WhiteElo "2376"]
[BlackElo "2340"]
[Result "1-0"]
[Round "10"]
[TimeControl "180+1"]
[Date "2022.05.25"]
[WhiteClock "0:00:06"]
[BlackClock "0:00:49"]

1. d4 e6 2. g3 d5 3. Bg2 f5 4. Nh3 Nf6 5. f3 c5 6. e3 Nc6 7. O-O Bd6 8. c3 O-O 9. Na3 e5 10. Nb5 e4 11. Nxd6 Qxd6 12. b3 cxd4 13. exd4 exf3 14. Qxf3 Ne4 15. Nf4 Be6 16. a4 Qd7 17. Ba3 Rf7 18. Rae1 Rc8 19. Nd3 b6 20. Qe3 Rf6 21. Rc1 h6 22. Bh3 Qe8 23. c4 f4 24. Bxe6+ Qxe6 25. Nxf4 Rxf4 26. Rxf4 Re8 27. Re1 Qc8 28. cxd5 Nf6 29. Qf2 Nxd5 30. Rxe8+ Qxe8 31. Rf8+ 1-0


[Site "https://www.chess.com"]

[Event "Titled Tuesday Blitz May 24 Early 2022"]
[White "Dubov, Daniil"]
[Black "Makhnev, Denis"]
[WhiteFideId "24126055"]
[BlackFideId "13707647"]
[WhiteElo "2791"]
[BlackElo "2501"]
[Result "1-0"]
[Round "10"]
[TimeControl "180+1"]
[Date "2022.05.24"]
[WhiteClock "0:00:07"]
[BlackClock "0:00:11"]

1. e4 c6 2. d3 d5 3. Nd2 e5 4. Ngf3 Bd6 5. g3 Nf6 6. Bg2 O-O 7. O-O Re8 8. Re1 Nbd7 9. b3 Qc7 10. Bb2 dxe4 11. Nxe4 Nxe4 12. Rxe4 Nf6 13. Re1 Bg4 14. h3 Bh5 15. Qd2 Rad8 16. Nh4 Qb6 17. Nf5 Bc7 18. Qg5 Bg6 19. Re2 Re6 20. Ne3 Qb4 21. Nc4 h6 22. Qh4 Rde8 23. Rae1 Nd7 24. d4 Bd8 25. Qg4 h5 26. Qf3 e4 27. Qf4 Qe7 28. Ne5 Nxe5 29. dxe5 Ba5 30. Rd1 Bc7 31. Red2 Bxe5 32. Bxe5 Rxe5 33. Rd7 Qb4 34. Bf1 a5 35. Bc4 Rf5 36. Qe3 b5 37. Be2 a4 38. c4 axb3 39. axb3 Qc5 40. R1d4 Rfe5 41. Kg2 h4 42. cxb5 hxg3 43. b4 Qb6 44. Qxg3 cxb5 45. R4d6 Qb8 46. h4 R5e7 47. Rxe7 Rxe7 48. Rxg6 Qf8 49. Rg4 f5 50. Rf4 Re5 51. Bd1 Qxb4 52. Qb3+ Kh7 53. Qxb4 Kh6 54. Qd4 Re6 55. Qe3 Rf6 56. Rxf5+ Kg6 57. Rxf6+ Kxf6 58. Qxe4 g6 59. Qb4 Kg7 60. Qxb5 Kh6 61. Qb2 g5 62. Qf6+ Kh7 63. Qxg5 1-0


[Site "https://www.chess.com"]

[Event "Titled Tuesday Blitz May 24 Early 2022"]
[White "Estrada Nieto, Julian"]
[Black "Piesik, Piotr"]
[WhiteFideId "5101018"]
[BlackFideId "1136194"]
[WhiteElo "2252"]
[BlackElo "2190"]
[Result "0-1"]
[Round "10"]
[TimeControl "180+1"]
[Date "2022.05.25"]
[WhiteClock "0:00:01"]
[BlackClock "0:00:46"]

1. e4 g6 2. d4 Bg7 3. Nf3 c6 4. Nc3 d6 5. a4 Nf6 6. h3 O-O 7. Be2 Nbd7 8. O-O e5 9. d5 cxd5 10. exd5 a6 11. Be3 Qc7 12. a5 Nc5 13. Na4 Nxa4 14. Rxa4 Bd7 15. Bb6 Qb8 16. Ra3 Rc8 17. c4 Ne4 18. Nd2 Nxd2 19. Qxd2 f5 20. b4 e4 21. Bd4 Bxd4 22. Qxd4 Qc7 23. f3 Re8 24. c5 dxc5 25. bxc5 Qe5 26. Qxe5 Rxe5 27. f4 Rxd5 28. Bc4 Be6 29. Bxd5 Bxd5 30. Rd1 Bc6 31. Kf2 Rc8 32. Ke3 Kf7 33. g4 Bb5 34. Rc3 Ke7 35. gxf5 gxf5 36. Rg1 Kf6 37. h4 Rd8 38. h5 Be8 39. Rg5 h6 40. Rg8 Kf7 41. Rg6 Rd1 42. Rxh6 Bc6 43. Rd6 Rh1 44. h6 Kg8 45. Kd4 Kh7 46. Rg3 Rxh6 47. Rxh6+ Kxh6 48. Ke5 Bd7 49. Rh3+ Kg6 50. Kd6 Bc6 51. Rg3+ Kf7 52. Ke5 Bd7 53. Rg5 Bc8 54. Rg3 Bd7 55. Kd6 Bc6 56. Rh3 Kf6 57. Rh6+ Kg7 58. Rh3 Kf6 59. Rg3 Bb5 60. Re3 Bc6 61. Kc7 Ke6 62. Kb6 Kd5 63. Rg3 Kd4 64. Rg5 e3 65. Rxf5 e2 66. Re5 Be4 67. Rxe4+ Kxe4 0-1


[Site "https://www.chess.com"]

[Event "Titled Tuesday Blitz May 24 Early 2022"]
[White "Fernandez Siles, Luis"]
[Black "Avramidou, Anastasia"]
[WhiteFideId "2209420"]
[BlackFideId "4239873"]
[WhiteElo "2212"]
[BlackElo "2183"]
[Result "1-0"]
[Round "10"]
[TimeControl "180+1"]
[Date "2022.05.25"]
[WhiteClock "0:00:35"]
[BlackClock "0:00:24"]

1. e4 g6 2. Nc3 Bg7 3. f4 c6 4. Bc4 d6 5. Nf3 Nf6 6. Bb3 O-O 7. O-O b5 8. d3 a5 9. a3 Bb7 10. Kh1 Na6 11. Qe1 Nc5 12. Qh4 Nxb3 13. cxb3 b4 14. Ne2 Ba6 15. Rd1 Nxe4 16. dxe4 Bxe2 17. Re1 Bxf3 18. gxf3 bxa3 19. Rxa3 Qc7 20. f5 Rfe8 21. Rg1 Qb6 22. Bg5 Ra7 23. Raa1 Bxb2 24. Raf1 Bd4 25. Rg3 Qxb3 26. Rh3 h5 27. fxg6 fxg6 28. f4 Qc4 29. Rhf3 Bg7 30. f5 d5 31. fxg6 Qxe4 32. Qxh5 Bh6 33. Qxh6 e6 34. Bf6 1-0


[Site "https://www.chess.com"]

[Event "Titled Tuesday Blitz May 24 Early 2022"]
[White "Fromm, Marius"]
[Black "Kosteniuk, Alexandra"]
[WhiteFideId "12993190"]
[BlackFideId "4128125"]
[WhiteElo "2530"]
[BlackElo "2469"]
[Result "1-0"]
[Round "10"]
[TimeControl "180+1"]
[Date "2022.05.25"]
[WhiteClock "0:00:33"]
[BlackClock "0:00:16"]

1. e4 c6 2. d4 d5 3. exd5 cxd5 4. Bd3 Nc6 5. c3 Nf6 6. h3 g6 7. Nf3 Bf5 8. Ne5 Nd7 9. Nxc6 bxc6 10. Bxf5 gxf5 11. O-O e6 12. Bf4 Rg8 13. Nd2 Qb6 14. b4 Rg6 15. Re1 Be7 16. Qh5 Nf6 17. Qe2 O-O-O 18. Kh1 Ne4 19. Nxe4 fxe4 20. a4 Rdg8 21. Rg1 a6 22. f3 exf3 23. Qxf3 Bd8 24. b5 cxb5 25. axb5 Qxb5 26. c4 dxc4 27. Qa8+ Kd7 28. Rxa6 Ke7 29. Ra7+ Kf6 30. Be5+ Kg5 31. Qf3 Kh6 32. Qxf7 Qd5 33. Bf4+ Bg5 34. Qxh7# 1-0


[Site "https://www.chess.com"]

[Event "Titled Tuesday Blitz May 24 Early 2022"]
[White "Gabrielian, Artur"]
[Black "Golubev, Mikhail"]
[WhiteFideId "4131002"]
[BlackFideId "14100983"]
[WhiteElo "2440"]
[BlackElo "2374"]
[Result "1-0"]
[Round "10"]
[TimeControl "180+1"]
[Date "2022.05.24"]
[WhiteClock "0:00:11"]
[BlackClock "0:00:02"]

1. e4 c5 2. Nc3 d6 3. d4 cxd4 4. Qxd4 Nc6 5. Qd2 g6 6. b3 Bh6 7. f4 f5 8. Bb2 Nf6 9. exf5 Bxf5 10. Nge2 Qd7 11. h3 O-O-O 12. g4 Ne4 13. Nxe4 Bxe4 14. Rg1 Rhe8 15. g5 Bf8 16. Nc3 Bf5 17. O-O-O e6 18. h4 Kb8 19. Bd3 Bxd3 20. Qxd3 d5 21. Kb1 Ka8 22. Rge1 Qf7 23. Ne2 Bc5 24. a3 Bb6 25. Bf6 Rc8 26. Nc3 Bd8 27. Bxd8 Rcxd8 28. Ne2 Qc7 29. Kb2 Qg7+ 30. Ka2 Kb8 31. Nd4 Nxd4 32. Qxd4 Qxd4 33. Rxd4 Kc7 34. Kb2 Rd6 35. Kc3 Rc6+ 36. Kd2 Rf8 37. c3 Kd6 38. Re3 Rc7 39. c4 Kc5 40. Kd3 dxc4+ 41. Rxc4+ Kd6 42. Rxc7 Kxc7 43. Rxe6 Rxf4 44. Re7+ Kc6 45. Rxh7 a5 46. a4 b5 47. Rh6 bxa4 48. Rxg6+ Kd5 49. bxa4 Rxh4 50. Ke3 Rxa4 51. Rf6 Ke5 52. Rf8 Ra3+ 53. Kf2 1-0


[Site "https://www.chess.com"]

[Event "Titled Tuesday Blitz May 24 Early 2022"]
[White "Galiana Fernandez, Adrian"]
[Black "Warchol, Kamil"]
[WhiteFideId "32010150"]
[BlackFideId "21858241"]
[WhiteElo "2133"]
[BlackElo "1951"]
[Result "0-1"]
[Round "10"]
[TimeControl "180+1"]
[Date "2022.05.25"]
[WhiteClock "0:00:02"]
[BlackClock "0:00:05"]

1. Nf3 d5 2. g3 Nf6 3. Bg2 c6 4. O-O Bf5 5. c4 e6 6. Qb3 Qb6 7. d3 Nbd7 8. Be3 Bc5 9. Bxc5 Nxc5 10. Qxb6 axb6 11. Nc3 O-O 12. a4 Na6 13. Nh4 Bg6 14. Nxg6 hxg6 15. e3 Nb4 16. Rfd1 Rfd8 17. Kf1 dxc4 18. dxc4 Nd3 19. b3 Nc5 20. b4 Rxd1+ 21. Rxd1 Ncd7 22. f4 Kf8 23. e4 Ke7 24. e5 Ng4 25. Ke2 Nxh2 26. Rh1 Ng4 27. Bf3 Nh6 28. g4 Rd8 29. Rd1 Ng8 30. Ne4 Ra8 31. Nc3 f6 32. exf6+ gxf6 33. Ke3 e5 34. Be4 exf4+ 35. Kxf4 Ne5 36. g5 Nxc4 37. Bxg6 fxg5+ 38. Kxg5 Rd8 39. Re1+ Kd6 40. Bf5 Ne7 41. Re6+ Kc7 42. Rxe7+ Kb8 43. Rd7 Rg8+ 44. Kf4 Rh8 45. Ke4 Rh4+ 46. Kd3 Ne5+ 47. Kc2 Nxd7 48. Bxd7 Rxb4 49. Be6 Rh4 50. Bb3 Kc7 51. Kb2 Kd6 52. Kc2 Kc5 53. Kb2 Rh2+ 54. Ka3 Rh3 55. Nb1 b5 56. axb5 Kxb5 57. Kb2 Kc5 58. Nd2 b5 59. Kc2 Rh2 60. Kc3 b4+ 61. Kc2 Kd4 0-1


[Site "https://www.chess.com"]

[Event "Titled Tuesday Blitz May 24 Early 2022"]
[White "Garv Gaur"]
[Black "Preotu, Razvan"]
[WhiteFideId "45030839"]
[BlackFideId "2613280"]
[WhiteElo "1950"]
[BlackElo "2407"]
[Result "0-1"]
[Round "10"]
[TimeControl "180+1"]
[Date "2022.05.24"]
[WhiteClock "0:00:13"]
[BlackClock "0:00:04"]

1. d4 Nf6 2. Nf3 g6 3. c4 Bg7 4. g3 c6 5. Bg2 d5 6. cxd5 cxd5 7. O-O O-O 8. Nc3 Ne4 9. Bf4 Nc6 10. Qb3 Na5 11. Qb4 Nc6 12. Qb3 Nxc3 13. bxc3 b6 14. Nd2 e6 15. e4 Na5 16. Qb4 Bb7 17. Rfe1 Re8 18. exd5 Bxd5 19. Ne4 Nc4 20. Bg5 f6 21. Bf4 Rc8 22. Nd6 Nxd6 23. Bxd5 exd5 24. Bxd6 Qd7 25. Bf4 Bf8 26. Qb3 Qc6 27. Rxe8 Rxe8 28. Rc1 Re2 29. c4 dxc4 30. Qxc4+ Qxc4 31. Rxc4 g5 32. Bb8 Rxa2 33. Rc8 Kf7 34. Rc7+ Kg6 35. Bxa7 b5 36. Bc5 Rc2 37. Rc8 Bd6 38. g4 b4 39. Rc6 b3 40. Rb6 b2 41. Kg2 Bxc5 42. dxc5 h5 43. h3 hxg4 44. hxg4 Kf7 45. Kf3 Ke7 46. Ke4 Kd7 47. f3 Kc7 48. Rb3 Kc6 0-1


[Site "https://www.chess.com"]

[Event "Titled Tuesday Blitz May 24 Early 2022"]
[White "Gatterer, Florian"]
[Black "Ljukin, Sergei"]
[WhiteFideId "811688"]
[BlackFideId "14102200"]
[WhiteElo "2218"]
[BlackElo "2312"]
[Result "0-1"]
[Round "10"]
[TimeControl "180+1"]
[Date "2022.05.25"]
[WhiteClock "0:00:12"]
[BlackClock "0:01:46"]

1. f4 d5 2. Nf3 Nf6 3. g3 Bf5 4. Bg2 e6 5. O-O Bc5+ 6. e3 Nc6 7. d4 Bb6 8. a4 a5 9. b3 Nb4 10. Ne1 c5 11. Bb2 Rc8 12. c3 Nc6 13. Ba3 Ne4 14. Nd3 cxd4 15. exd4 Nxc3 16. Nxc3 Bxd4+ 17. Kh1 Bxc3 18. Nc5 Bb4 19. Nxb7 Qe7 20. g4 Bg6 21. f5 Qxb7 22. fxg6 hxg6 23. Rxf7 Qxf7 24. Bxb4 Nxb4 25. Qd4 Nc2 26. Qb6 Nxa1 27. Qb5+ Qd7 0-1


[Site "https://www.chess.com"]

[Event "Titled Tuesday Blitz May 24 Early 2022"]
[White "Haas, Michael"]
[Black "Shuvalov, Evgenij"]
[WhiteFideId "1629514"]
[BlackFideId "4187237"]
[WhiteElo "1982"]
[BlackElo "2053"]
[Result "0-1"]
[Round "10"]
[TimeControl "180+1"]
[Date "2022.05.25"]
[WhiteClock "0:00:34"]
[BlackClock "0:00:16"]

1. d4 Nf6 2. c4 c5 3. d5 b5 4. cxb5 a6 5. bxa6 Bxa6 6. g3 d6 7. Bg2 g6 8. Nc3 Bg7 9. Nf3 Nbd7 10. Rb1 O-O 11. O-O Qa5 12. Bd2 Ng4 13. a4 Qb6 14. Qc2 Rfb8 15. h3 Nge5 16. b3 Qd8 17. Rfe1 Rb7 18. Nxe5 Nxe5 19. e4 Bd3 20. Qc1 Bxb1 21. Qxb1 c4 22. Nb5 cxb3 23. Qxb3 Nd7 24. Be3 Qa5 25. Rc1 Qxa4 26. Qxa4 Rxa4 27. Rc8+ Nf8 28. Nd4 Rxd4 29. Bxd4 Bxd4 30. Rc2 Rb2 31. Rxb2 Bxb2 32. f4 Nd7 33. Kf1 Nc5 34. Ke2 Bd4 35. Kf3 f5 36. exf5 gxf5 37. g4 Kf7 38. gxf5 Kf6 39. Kg4 Nd3 40. h4 Be3 41. Kh5 Nxf4+ 42. Kh6 Nxg2+ 43. Kxh7 Nxh4 44. Kg8 Nxf5 45. Kf8 Ke5 46. Kf7 Kxd5 47. Kg6 Ke4 0-1


[Site "https://www.chess.com"]

[Event "Titled Tuesday Blitz May 24 Early 2022"]
[White "Hambleton, Aman"]
[Black "Ramirez Vido, Robert Yorisan"]
[WhiteFideId "2606577"]
[BlackFideId "3513823"]
[WhiteElo "2552"]
[BlackElo "2372"]
[Result "1-0"]
[Round "10"]
[TimeControl "180+1"]
[Date "2022.05.25"]
[WhiteClock "0:00:06"]
[BlackClock "0:00:15"]

1. d4 g6 2. c4 Nf6 3. Nc3 Bg7 4. e4 d6 5. Bd3 O-O 6. Nge2 e5 7. d5 a5 8. h3 Na6 9. Be3 Nc5 10. Bc2 Bd7 11. Qd2 c6 12. dxc6 Bxc6 13. f3 Qb6 14. Rb1 Rad8 15. O-O Nh5 16. Nd5 Bxd5 17. Qxd5 Nf4 18. Qd2 Nxe2+ 19. Qxe2 Qc7 20. Qf2 Ne6 21. Bb6 Qxc4 22. Bb3 Qb5 23. Bxe6 fxe6 24. Bxd8 Rxd8 25. Kh1 d5 26. Rfd1 Bh6 27. Qh4 Rc8 28. Qxh6 Rc2 29. exd5 Qe2 30. Qg5 exd5 31. Rxd5 Rxb2 32. Rd8+ Kf7 33. Rd7+ 1-0


[Site "https://www.chess.com"]